Cogmind - Beta 11 X11 @@@ ROGUE MODE // 2022.03.01 @ 22:23:02 Player: lsend Result: Destroyed by 8R-AWN with 8R-AWN's Boregun Performance ------------- Evolutions (0) 0 Regions Visited (3) 600 Robots Destroyed (4) 20 Value Destroyed (30) 30 Prototype IDs (24) 480 Alien Tech Used (0) 0 Bonus (-422) -422 TOTAL SCORE: 708 Bonus ------- Aligned with FarCom 300 Friendly Fire -722 Cogmind --------- Core Integrity 0/250 Matter 150/300 Energy 20/100 System Corruption 2% Temperature Cool (0) Movement Core (300) Ox5 Location -10/Exiles Parts ------- > --- POWER (1) -------- (None) > --- PROPULSION (2) --- Light Treads Light Treads > --- UTILITY (2) ------ (None) > --- WEAPON (2) ------- YOLO Cannon > --- INVENTORY (5) ---- Light Neutrino Core Flight Unit Flight Unit Small Storage Unit Peak State ------------ > --- POWER ------------ (None) > --- PROPULSION ------- Light Treads Light Treads > --- UTILITY ---------- Sensor Array > --- WEAPON ----------- YOLO Cannon > --- INVENTORY -------- Flight Unit Flight Unit Small Storage Unit Rocket Launcher Rocket Launcher [Rating: 23] Favorites ----------- Power Light Neutrino Core Power Core Light Neutrino Core Propulsion Light Treads Treads Light Treads Utility Sensor Array Device Sensor Array Weapon Rocket Launcher Energy Cannon YOLO Cannon Launcher Rocket Launcher Build | -11 -10 -10 -10 ------- Run | Scr Mat Min Exi Slots Evolved . | . . . . Power . | . . . . Propulsion . | . . . . Utility . | . . . . Weapon . | . . . . Parts Attached 10 | 2 2 . 6 Power 1 | . . . 1 Engine . | . . . . Core 1 | . . . 1 Reactor . | . . . . Propulsion 2 | 2 . . . Treads 2 | 2 . . . Leg . | . . . . Wheel . | . . . . Hover . | . . . . Flight . | . . . . Utility 1 | . 1 . . Device 1 | . 1 . . Storage . | . . . . Processor . | . . . . Hackware . | . . . . Protection . | . . . . Artifact . | . . . . Weapon 6 | . 1 . 5 Energy Gun . | . . . . Energy Cannon 2 | . . . 2 Ballistic Gun . | . . . . Ballistic Cannon . | . . . . Launcher 4 | . 1 . 3 Special Weapon . | . . . . Impact Weapon . | . . . . Slashing Weapon . | . . . . Piercing Weapon . | . . . . Special Melee Weapon . | . . . . Unidentified Prototypes 1 | . . . 1 Parts Lost 2 | . . . 2 Power . | . . . . Propulsion . | . . . . Utility 1 | . . . 1 Weapon 1 | . . . 1 Highest Loss Streak 2 | . . . 2 To Critical Strikes 1 | . . . 1 Average Slot Usage (%) 48 | . 48 43 50 Treads 28 | . 28 28 28 Device 13 | . 13 14 12 Energy Cannon 3 | . . . 8 Launcher 3 | . 6 1 . Naked Turns . | . . . . Heaviest Build 19 | . 5 5 19 Greatest Support 40 | 3 3 3 40 Greatest Overweight (x) 6 | . 1 1 6 Average Overweight (x) . | . . . . Largest Inventory Capacity 5 | 5 5 5 5 Average Capacity 5 | 5 5 5 5 Most Carried 5 | 1 5 5 5 Average Carried 3 | . 2 5 4 Final Capacity 5 | 5 5 5 5 Final Carried 5 | 1 5 5 4 Class Distribution -------------------- 100% | Mutant Dominant Class ---------------- Mutant | -10/Materials Mutant | -10/Mines Mutant | -10/Exiles Resources | -11 -10 -10 -10 ----------- Run | Scr Mat Min Exi Matter Collected 240 | 220 20 . . Remotely . | . . . . Salvage Created 81 | . 25 . 56 Parts 20 | . 6 . 14 Haulers Intercepted . | . . . . Recyclers Shooed . | . . . . Parts Field Recycled . | . . . . Retrieved Matter . | . . . . Parts Self-Destructed . | . . . . Prevented . | . . . . Kills | -11 -10 -10 -10 ------- Run | Scr Mat Min Exi Combat Hostiles Destroyed 10 | . 3 . 7 AOE 10 | . 3 . 7 Classes Destroyed 2 | . 1 . 1 Swarmer 3 | . 3 . . Assembled 7 | . . . 7 Best Kill Streak 7 | . 3 . 7 Combat Bots Only 7 | . 3 . 7 Max Kills in Single Turn 5 | . 3 . 5 Gunslinging . | . . . . Exploded 5 | . 3 . 5 Melee . | . . . . Uniques/NPCs Destroyed 1 | . . . 1 EX-HEX (-10/Exiles) Combat | -11 -10 -10 -10 -------- Run | Scr Mat Min Exi Damage Taken 662 | . 14 3 645 Core 255 | . 3 . 252 Absorbed by Shields . | . . . . Core Remaining (%) 100 | 100 . . . Volleys Fired 8 | . 2 . 6 Largest 2 | . 1 . 2 Hottest 100 | . 33 . 100 Shots Fired 10 | . 2 . 8 Gun . | . . . . Cannon 2 | . . . 2 Launcher 8 | . 2 . 6 Special . | . . . . Kinetic . | . . . . Thermal 2 | . . . 2 Explosive 8 | . 2 . 6 Electromagnetic . | . . . . Robot Hit Streak 4 | . . . 4 Robot Miss Streak 1 | . . . 1 Penetration Max . | . . . . Secondary Targets . | . . . . Shots Hit Robots 6 | . . . 6 Core Hits 17 | . 3 . 14 Critical Kills . | . . . . Critical Parts Destroyed . | . . . . Critical Strikes . | . . . . Melee Attacks . | . . . . Impact . | . . . . Slashing . | . . . . Piercing . | . . . . Sneak Attacks . | . . . . Combat Hostiles . | . . . . Follow-up Attacks . | . . . . Damage Inflicted 586 | . 131 6 449 Guns . | . . . . Cannons 14 | . . . 14 Explosions 554 | . 119 . 435 Melee . | . . . . Ramming 18 | . 12 6 . Kinetic . | . . . . Thermal 96 | . . . 96 Explosive 472 | . 119 . 353 Electromagnetic . | . . . . Impact . | . . . . Slashing . | . . . . Piercing . | . . . . Highest Corruption 2 | . 2 2 2 Average Corruption 2 | . 2 2 2 Corruption Purged . | . . . . Corruption Blocked . | . . . . Effects 5 | . 1 2 2 Matter Fused 2 | . 1 . 1 Heat Flow Errors 1 | . . . 1 Energy Discharges 1 | . . 1 . Data Loss (major) 1 | . . 1 . Overload Shots . | . . . . Overflow Damage 7 | . . . 7 Projectiles . | . . . . Explosions 7 | . . . 7 Melee . | . . . . Knockbacks . | . . . . Impact . | . . . . Kinetic . | . . . . Secondary . | . . . . Self-Inflicted Damage 120 | . 16 3 101 Shots 5 | . 1 . 4 Rammed 4 | . 3 1 . Targets Rammed 4 | . 3 1 . Kicked . | . . . . Crushed . | . . . . Highest Temperature 252 | . . . 252 Average Temperature 87 | . . . 87 Received Heat Transfer . | . . . . Siege Activations . | . . . . Robots Corrupted . | . . . . Combat Hostiles . | . . . . Parts Fried . | . . . . Impact Corruptions . | . . . . Robots Melted . | . . . . Combat Hostiles . | . . . . Parts Melted . | . . . . Heat Transferred 40 | . . . 40 Parts Sabotaged . | . . . . Parts Stolen . | . . . . Parts Stripped . | . . . . Power Chain Reactions . | . . . . Missiles Intercepted . | . . . . Alert | -11 -10 -10 -10 ------- Run | Scr Mat Min Exi Peak Influence 284 | . 284 110 . Initial 110 | . . 110 . Average 138 | . 161 110 . Maximum Alert Level 1 | . 1 . . Low Security (%) 66 | 100 52 100 . Level 1 33 | . 47 . . Level 2 . | . . . . Level 3 . | . . . . Level 4 . | . . . . Level 5 . | . . . . High Security . | . . . . Max Security . | . . . . Squads Dispatched 1 | . 1 . . Investigation . | . . . . Extermination . | . . . . Reinforcement 1 | . 1 . . Assault . | . . . . Garrison . | . . . . Intercept . | . . . . Searches Triggered . | . . . . Construction Impeded . | . . . . Haulers Reinforced . | . . . . Active Scanning Responses . | . . . . Cargo Convoy Interrupts . | . . . . Stealth | -11 -10 -10 -10 --------- Run | Scr Mat Min Exi Distress Signals . | . . . . Communications Jammed . | . . . . Distress Signals . | . . . . Times Spotted 15 | . 7 . 8 Peak Tracking Total 9 | . 4 . 9 Tactical Retreats 2 | . 2 . . Traps | -11 -10 -10 -10 ------- Run | Scr Mat Min Exi Traps Triggered 1 | . 1 . . Indirectly . | . . . . Trap Hack Attempts . | . . . . Triggered . | . . . . Disarmed . | . . . . Reprogrammed . | . . . . Reused . | . . . . Traps Extracted . | . . . . Installed . | . . . . Triggered . | . . . . Machines | -11 -10 -10 -10 ---------- Run | Scr Mat Min Exi Machines Disabled 3 | . . . 3 Max in Single Turn 1 | . . . 1 Machines Sabotaged . | . . . . Garrisons Compromised . | . . . . Overloaded Fab Kills . | . . . . Hacking | -11 -10 -10 -10 --------- Run | Scr Mat Min Exi Machines Accessed 7 | . 6 . 1 Terminals 6 | . 6 . . Fabricators . | . . . . Repair Stations . | . . . . Recycling Units . | . . . . Scanalyzers . | . . . . Garrison Access . | . . . . Total Hacks 12 | . 11 . 1 Successful 6 | . 5 . 1 Failed 6 | . 6 . . Catastrophic 2 | . 2 . . Database Lockouts . | . . . . Manual 6 | . 5 . 1 Terminals 11 | . 11 . . Fabricators . | . . . . Repair Stations . | . . . . Recycling Units . | . . . . Scanalyzers . | . . . . Garrison Access . | . . . . Terminal Hacks 6 | . 5 . 1 Emergency Access Points 1 | . 1 . . Locate Traps 2 | . 2 . . Zone Layout 2 | . 2 . . EX-Prototype ID Bank 1 | . . . 1 Fabricator Hacks . | . . . . Repair Station Hacks . | . . . . Recycling Unit Hacks . | . . . . Scanalyzer . | . . . . Garrison Access Hacks . | . . . . Unauthorized Hacks . | . . . . Terminals . | . . . . Fabricators . | . . . . Repair Stations . | . . . . Recycling Units . | . . . . Scanalyzers . | . . . . Garrison Access . | . . . . Data Cores Recovered . | . . . . Used . | . . . . Hacking Detections 5 | . 5 . . Full Trace Events . | . . . . Feedback Events . | . . . . Feedback Blocked . | . . . . Robot Schematics Acquired . | . . . . Robots Built . | . . . . Authchips . | . . . . Time . | . . . . Total Robot Build Rating . | . . . . Part Schematics Acquired . | . . . . Parts Built . | . . . . Authchips . | . . . . Time . | . . . . Total Part Build Rating . | . . . . Parts Repaired . | . . . . Time . | . . . . Parts Recycled . | . . . . Recycled Matter . | . . . . Retrieved Matter . | . . . . Retrieved Components . | . . . . Parts Scanalyzed . | . . . . Part Schematics Acquired . | . . . . Parts Damaged . | . . . . Bothacking | -11 -10 -10 -10 ------------ Run | Scr Mat Min Exi Used RIF Installer . | . . . . Robots Hacked . | . . . . Non-combat . | . . . . Combat . | . . . . Robot Hacks Applied . | . . . . Relay Couplers Released . | . . . . Fabnet Peak Effective % . | . . . . Robots Rewired . | . . . . Allies Hacked . | . . . . Hacks Repelled . | . . . . Allies | -11 -10 -10 -10 -------- Run | Scr Mat Min Exi Total Allies . | . . . . Largest Group . | . . . . Highest-Rated Group . | . . . . Highest-Rated Ally . | . . . . Total Orders . | . . . . Ally Attacks . | . . . . Total Damage . | . . . . Kills . | . . . . Allies Corrupted . | . . . . Allies Melted . | . . . . Intel | -11 -10 -10 -10 ------- Run | Scr Mat Min Exi Robot Analysis Total . | . . . . Derelict Logs Recovered . | . . . . Drone Launches . | . . . . Drone Recoveries . | . . . . Exploration | -11 -10 -10 -10 ------------- Run | Scr Mat Min Exi Turns Passed 555 | 23 234 74 224 Spaces Moved 684 | 39 324 130 191 Core 639 | 39 324 130 146 Treads 45 | . . . 45 Legs . | . . . . Wheels . | . . . . Hover . | . . . . Flight . | . . . . Fastest Speed 50 | 50 50 50 50 Average Speed 73 | 50 66 53 104 Slowest Speed 350 | 50 100 100 350 Overloaded Moves . | . . . . Propulsion Burnouts . | . . . . Robots Hopped . | . . . . Cave-ins Triggered . | . . . . Exploration Rate (%) 35 | 3 62 35 41 Regions Visited 3 Branch Regions 2 Pre-discovered Areas . | . . . . Known Exits Taken . | . . . . Unknown Exits Taken 3 | 1 1 1 . Scrap Searched 1 | . . 1 . Spaces Dug . | . . . . Terrain Destroyed 48 | . 20 . 28 Melee . | . . . . Projectile 1 | . . . 1 AOE 47 | . 20 . 27 Terrain Rammed . | . . . . Walls Destroyed . | . . . . Machines Disabled . | . . . . Actions | -11 -10 -10 -10 --------- Run | Scr Mat Min Exi Total 722 | 41 340 134 207 Wait 7 | . 5 2 . Move 681 | 38 323 129 191 Hop . | . . . . Pick Up 6 | 1 5 . . Fast Attach 6 | 2 1 . 3 Attach 4 | . 1 . 3 Detach 3 | . . 1 2 Swap . | . . . . Drop 3 | . . 1 2 Fire 8 | . 2 . 6 Melee . | . . . . Ram 4 | . 3 1 . Kick . | . . . . Crush . | . . . . Escape Stasis . | . . . . Rewire . | . . . . Trap . | . . . . Miscellaneous . | . . . . Route ------- -11/Scrapyard -10/Materials (discovered 4 exits: [*Mat x2] / [*Min x2]) -10/Mines (discovered 2 exits: [*Mat] / *Exi) -10/Exiles History --------- Turn | Location | Event 10 | -11/Scrapyard | Discovered new exit (range 16) 24 | -11/Scrapyard | Entered Materials 25 | -10/Materials | Discovered new exit (range 11) 40 | -10/Materials | Discovered new exit (range 19) 107 | -10/Materials | Discovered new exit (range 16) 129 | -10/Materials | Discovered new exit (range 16) 258 | -10/Materials | Entered Mines 272 | -10/Mines | Discovered new exit (range 10) 308 | -10/Mines | Build established: Mutant 310 | -10/Mines | A weapon hastily lodged in a ceiling crevice suddenly fell to the ground 330 | -10/Mines | Deemed a non-threat by the Exiles lab entrance 330 | -10/Mines | Discovered new exit (range 5) 332 | -10/Mines | Entered Exiles 345 | -10/Exiles | Met 8R-AWN 354 | -10/Exiles | Met EX-HEX 368 | -10/Exiles | Met EX-BIN 375 | -10/Exiles | Aligned with FarCom system 375 | -10/Exiles | Given EX-Vault access code 387 | -10/Exiles | Opened EX-Vault 391 | -10/Exiles | Found YOLO Cannon 463 | -10/Exiles | Warned to stay clear of 0b10 Research branches 524 | -10/Exiles | Destroyed EX-HEX 525 | -10/Exiles | Attacked by the Exiles 535 | -10/Exiles | Core integrity fell below 50% 552 | -10/Exiles | Core integrity fell below 20% 555 | -10/Exiles | Destroyed 7 combat bots 556 | -10/Exiles | Destroyed by 8R-AWN with 8R-AWN's Boregun Last Messages --------------- 00535_ Machine disabled. 00535_ Penetrated by HV Slug. 00535_ HV Slug penetrates Machine. 00538_ Penetrated by HV Slug. 00540_ Acquired Prototype Power Core. 00540_ Identified Lgt. Neutrino Core. 00542_ Penetrated by HV Slug. 00543_ Machine disabled. 00545_ Penetrated by HV Slug. 00547_ Critical hit (Destroy). 00547_ Rocket Launcher destroyed. 00549_ Dropped Rocket Launcher. 00549_ Penetrated by HV Slug. 00554_ Acquired YOLO Cannon. 00554_ Penetrated by HV Slug. 00554_ HV Slug penetrates Machine. 00554_ Penetrated by HV Slug. 00554_ HV Slug penetrates Machine. 00554_ Machine disabled. 00556_ Penetrated by HV Slug. Map ----- +----------------------------------------------------+ | ?#" "X" """"???????????????????????????????? | | ?#" """ #???????????????????????????????? | | ?#" """""""""#???????????????????????????????? | | ##" ###########???????????????????????????????? | | #"" #?????????????????????????????????????????? | | "" #?????????????????????????????????????????? | | "" ##????????????????????????????????????????? | | "" ##???###########?????????????????????????? | | " #####"""""""""##????????????????????????? | | " """ """"##???????????????????????? | | "" " #???????????????????????? | | " """#???????????????????????? | | "a"#???????????#####???????? | | " "#####??????##" #???????? | | " ;;;##?????#" #???????? | | """"" ; ##???##" ##??????? | | ####""" ! %! ##### ###????? | | ???#####""" ! ###### | | ???????##""" ] #"""" | | ????????#"""" | | ????????#"" g ## * | | ????????"""" #### | | ???????" "#?#"""""#### | | ??????? "##?#######??## | | ??????? % #????????????? | | ?????? @ #######????????????? | | ?????? ##??????????????????? | | ?????? "" " % #???????????????????? | | ????????"" " ""#" "##???????????????????? | | ??????????#""" """##" """""##????????????????????? | | ????????????#"""???#########?????????????????????? | | ?????????????????????????????????????????????????? | | ?????????????????????????????????????????????????? | | ?????????????????????????????????????????????????? | | ?????????????????????????????????????????????????? | | ?????????????????????????????????????????????????? | | ?????????????????????????????????????????????????? | | ?????????????????????????????????????????????????? | | ?????????????????????????????????????????????????? | | ?????????????????????????????????????????????????? | | ?????????????????????????????????????????????????? | | ?????????????????????????????????????????????????? | | ?????????????????????????????????????????????????? | | ?????????????????????????????????????????????????? | | ?????????????????????????????????????????????????? | | ?????????????????????????????????????????????????? | | ?????????????????????????????????????????????????? | | ?????????????????????????????????????????????????? | | ?????????????????????????????????????????????????? | | ?????????????????????????????????????????????????? | +----------------------------------------------------+ Best States ------------- Heat Dissipation 25 Energy Generation 19 Energy Capacity 170 Matter Stores 300 Matter Capacity 300 Sight Range 16 Robot Scan Range 14 Terrain Scan Density 10 Evasion (%) 50 Recoil Reduction 2 Item Schematics ----------------- None Robot Schematics ------------------ None Fabricated ------------ Nothing Alien Tech Used ----------------- None Achievements -------------- None Challenges ------------ None Game ------ Seed StructuralPulseBuckler Manual? 0 Play Time 00:09:40 Cumulative 635.2 hours Start 2022.03.01 @ 22:15:55 End 2022.03.01 @ 22:23:02 Sessions 1 Manual Loads 0 Difficulty Rogue Special Mode None Game No. 484 Rogue 484 Adventurer 0 Explorer 0 Win Type - Total 164 Types 91/9/47/6/3/2/4/1/1 Lore% 94 Gallery% 93 Achievement% 84 Wizard Run 0 Options --------- ASCII 1 Keyboard 0 Movement Vi Keybinds 0 Fullscreen 1 Font 16/Smallcaps Map View 184x79 Tactical HUD 1 Map Filters NONE Filters NONE Steam 1 RUN: f324ad80-929a-4f48-b0fa-13dd884a2339